 Dungeon Crawl Stone Soup version 0.30-a0-956-gcec3b41aec (webtiles) character file.

Game seed: 11015252227713839453

8 billz999 the Ducker (level 2, 0/26 HPs)
             Began as a Meteoran Wanderer on Mar 30, 2023.
             Succumbed to a kobold's poison
             ... on level 3 of the Dungeon.
             The game lasted 00:01:52 (273 turns).

billz999 the Ducker (Meteoran Wanderer)              Turns: 273, Time: 00:01:53

Health: 0/26       AC:  3    Str: 12    XL:     2   Next: 29%
Magic:  3/6        EV: 12    Int: 13    God:
Gold:   21         SH:  0    Dex: 14    Spells: 4/5 levels left

rFire   . . .      SeeInvis .    a - +0 dagger
rCold   . . .      Faith    .    (no shield)
rNeg    . . .      Spirit   .    e - +0 leather armour
rPois   .          Reflect  .    (no helmet)
rElec   .          Rampage  .    (no cloak)
rCorr   .                        (no gloves)
Will    .....                    (no boots)
Stlth   +                        (no amulet)
HPRegen 0.24/turn                (no ring)
MPRegen 0.10/turn                (no ring)

@: mighty, lethally poisoned (0 -> -7), very slightly contaminated, glowing
A: sense surroundings 1, otherworldly, glowing, explore regen
a: no special abilities


You were on level 3 of the Dungeon.
You visited 1 branch of the dungeon, and saw 3 of its levels.

You collected 21 gold pieces.

Inventory:

Hand Weapons
 a - a +0 dagger (weapon)
Missiles
 b - 2 throwing nets (quivered)
Armour
 e - a +0 leather armour (worn)
Scrolls
 c - a scroll of teleportation
 f - a scroll of fear {unknown}
 h - a scroll of enchant armour {unknown}


   Skills:
 - Level 3.2 Fighting
 - Level 1.2 Armour
 - Level 3.6 Dodging
 + Level 2.1 Spellcasting
 + Level 2.0 Summonings
 - Level 1.2 Evocations


You had 4 spell levels left.
You knew the following spells:

 Your Spells              Type           Power      Damage    Failure   Level
a - Summon Small Mammal   Summ           24%        N/A       14%         1

Your spell library contained the following spells:

 Spells                   Type           Power      Damage    Failure   Level
 Call Canine Familiar     Summ           6%         N/A       38%         3


Dungeon Overview and Level Annotations

Branches:
Dungeon (3/15) Zot: 1527

Altars:


Innate Abilities, Weirdness & Mutations

You passively map a small area around you.
You are easily found by Zot.
You glow in the dark.
You regain HP and MP as you explore.


Message History

Your bat misses the kobold.
You feel very sick.
Your bat dies!
Your bat's corpse disappears in a puff of smoke!
Casting: Summon Small Mammal (safe; 14% risk of failure)
Confirm with . or Enter, or press ? or * to list all spells.
You feel sick.
You feel sick.
You swap places.
You feel sick.
Your bat misses the kobold.
Your bat closely misses the kobold.
The kobold hits your bat with a +2 dagger of venom.
Your bat is poisoned.
You feel sick.
Your bat dies!
Your bat's corpse disappears in a puff of smoke!
Casting: Summon Small Mammal (safe; 14% risk of failure)
Confirm with . or Enter, or press ? or * to list all spells.
You feel sick.
The kobold hits your rat with a +2 dagger of venom.
Your rat dies!
Your rat's corpse disappears in a puff of smoke!
You feel sick.
Casting: Summon Small Mammal (safe; 14% risk of failure)
Confirm with . or Enter, or press ? or * to list all spells.
You miscast Summon Small Mammal.
You are very lightly contaminated with residual magic.
Nothing appears to happen.
Magical energy flows into your mind!
You feel sick.
You feel sick.
You are no longer poisoned.
Casting: Summon Small Mammal (safe; 14% risk of failure)
Confirm with . or Enter, or press ? or * to list all spells.
The kobold hits you with a +2 dagger of venom.
* * * LOW HITPOINT WARNING * * *
You are lethally poisoned!
* * * LOW HITPOINT WARNING * * *
You feel very sick.
Your bat barely misses the kobold. x2; The kobold barely misses your bat.
It was a potion of might.
You feel very mighty all of a sudden.
You die...

#......#.# ########.# #.#
#.# #.# * #.####### * **
#........ , ,
*######.#################
.........# #@........#
#######..######b#######.#
#.........K.# .#
**#+#######.#.# *.# * * ,
,, #.#.# .# , #.#.#####.#
* , , , , * #.#...r...# *
#.#########,* , , #..,, ,


You could see a kobold (ally target) and a friendly bat (summoned).

Vanquished Creatures
  A ball python (D:3)
  An endoplasm (D:3)
  2 giant cockroaches (D:1)
  A hobgoblin (D:2)
  A bat (D:3)
  A rat (D:1)
7 creatures vanquished.

Notes
Turn   | Place    | Note
-------+----------+-------------------------------------------
     0 | D:1      | billz999 the Meteoran Wanderer began the quest for the Orb.
     0 | D:1      | billz999 set off with the following items: a +0 dagger, 2
                  | throwing nets, a scroll of teleportation, a potion of heal
                  | wounds, a +0 leather armour; and the following spell
                  | memorised: Summon Small Mammal; and the following spells
                  | available to memorise: Call Canine Familiar.
     0 | D:1      | Reached XP level 1. HP: 19/19 MP: 3/3
    82 | D:2      | Reached XP level 2. HP: 24/26 MP: 5/5
   259 | D:3      | HP: 1/26 [poisoned by a kobold]
   272 | D:3      | HP: 1/26 [poisoned by a kobold]
   273 | D:3      | Succumbed to a kobold's poison

Illustrated notes

Levels and vault maps discovered:
D:1:      lemuel_arrival_muddy, layout_basic, minmay_misc_feat_rows
D:2:      layout_loops_corners, serial_shops, nicolae_shop_trees, shop, shop,
          grunt_decor_cap
D:3:      minmay_diamond_boxcup, layout_basic,
          dreamdust_ecumenical_altar_statues

Skill      XL: |  1  2 |
---------------+-------+-----
Spellcasting   | 2 |  2.1
Summonings     | 2 |  2.0
Fighting       | |  3.2
Armour         | |  1.2
Dodging        | |  3.6
Evocations     | |  1.2

Action                     || total
---------------------------++-------
  Melee: Dagger            ||    37
   Cast: Summon Small Mamm ||    11
    Use: Potion            ||     2
 Armour: Leather armour    ||    13
  Dodge: Dodged            ||    21

Table legend: (Time is in decaauts)
 A = Elapsed time spent in this place.
 B = Non-inter-level travel time spent in this place.
 C = Inter-level travel time spent in this place.
 D = Time resting spent in this place.
 E = Time spent auto-exploring this place.
 F = Levels seen in this place.
 G = Mean time per level.
                   A        B        C        D        E       F      G
               +--------+--------+--------+--------+--------+-----+--------+
         Total |    272 |    272 |      0 |      0 |     99 |   3 |   90.7 |
       Dungeon |    272 |    272 |      0 |      0 |     99 |   3 |   90.7 |
               +--------+--------+--------+--------+--------+-----+--------+

Top non-repeatable levels by time:
     D:3: 178 daAuts
     D:2: 55 daAuts
     D:1: 38 daAuts
